 Dungeon Crawl Stone Soup version 0.28-a0-653-g7e9dba17c3 (webtiles) character file.

Game seed: 2568193541158826237

1204 GordonOverkill the Gouger (level 8, -3/39 HPs)
             Began as a Felid Monk on Oct 12, 2021.
             Was an Elder of Ashenzari.
             Succumbed to a water moccasin's poison
             ... on level 7 of the Dungeon.
             The game lasted 00:17:25 (14108 turns).

GordonOverkill the Gouger (Felid Monk)             Turns: 14108, Time: 00:17:25

Health: -3/39      AC:  2    Str:  7    XL:     8   Next: 21%
Magic:  10/11      EV: 35    Int: 14    God:    Ashenzari [****..]
Gold:   343        SH:  0    Dex: 18    Spells: 7/9 levels left
                                        Lives:  0   Deaths: 2

rFire   . . .      SeeInvis +     - Unarmed
rCold   . . .      Faith    .   (shield unavailable)
rNeg    . . .      Spirit   .   (armour unavailable)
rPois   .          Reflect  .   (helmet unavailable)
rElec   .          Harm     .   (cloak unavailable)
rCorr   +          Rampage  .   (gloves unavailable)
Will    +....      Clarity  +   (boots unavailable)
Stlth   ++++......              k - amulet "Share My Oracle" {Acrobat, Cun, Alch} (curse)
HPRegen 0.13/turn               a - ring of the Fated Trepidation {rCorr, Evo, Elem} (curse)
MPRegen 0.12/turn               (no ring)

@: lethally poisoned (-3 -> -26), acrobatic, quick
A: very small, claws 1, fangs 3, see invisible, speed 1, shaggy fur 2, stealthy
paws, no weapons or thrown items, no armour, multi-lived
a: Renounce Religion, Shatter the Chains


You were on level 7 of the Dungeon.
You worshipped Ashenzari.
Ashenzari was greatly pleased with you.
You visited 1 branch of the dungeon, and saw 7 of its levels.

You collected 343 gold pieces.

Inventory:

Jewellery
 a - the cursed ring of the Fated Trepidation (left paw) {rCorr, Evo, Elem}
   (You found it on level 1 of the Dungeon)

   [ring of resist corrosion]

   rCorr:     It protects you from acid and corrosion.
   It has a curse which improves the following skills: Evocations: Evocations.
   Elements:  Fire Magic, Ice Magic, Air Magic and Earth Magic.
 k - the cursed amulet "Share My Oracle" (around neck) {Acrobat, Cun, Alch}
   (You found it on level 7 of the Dungeon)

   [amulet of the acrobat]

   It increases your evasion while moving and waiting.
   It has a curse which improves the following skills: Cunning: Dodging and
   Stealth.
   Alchemy:   Poison Magic and Transmutations.
Wands
 e - a wand of flame (16)
 f - a wand of polymorph (7)
 i - a wand of digging (3)
 m - a wand of acid (5)
Scrolls
 j - a scroll of teleportation
 l - a scroll of fog
Potions
 b - a potion of heal wounds
 c - 2 potions of haste
 d - a potion of ambrosia
 h - a potion of might
Miscellaneous
 g - a phantom mirror


   Skills:
 + Level 6.9 Fighting
 - Level 4.0(6.1) Dodging
 - Level 5.0(7.2) Stealth
 - Level 9.0 Unarmed Combat
 + Level 1.4 Spellcasting
 + Level 2.3 Hexes
 + Level 1.3(2.8) Ice Magic
 - Level 3.1(5.1) Evocations


You had 7 spell levels left.
You knew the following spells:

 Your Spells              Type           Power      Damage    Failure   Level
a - Ensorcelled Hibernat  Hex/Ice        16%        N/A       13%         2

Your spell library contained the following spells:

 Spells                   Type           Power      Damage    Failure   Level
 Magic Dart               Conj           0%         1d3       26%         1
 Tukima's Dance           Hex            7%         N/A       28%         3
 Call Imp                 Summ           0%         N/A       36%         2
 Mephitic Cloud           Conj/Pois/Air  1%         N/A       56%         3


Dungeon Overview and Level Annotations

Branches:
Dungeon (7/15)             Temple (0/1) D:5

Altars:
Ashenzari
Fedhas
Hepliaklqana
Okawaru
Trog
Xom
Yredelemnul

Annotations:
D:6 3 runed translucent doors, TimeIsEndless's ghost, novice OgGl; wpisznazwe's ghost, novice DgFE


Innate Abilities, Weirdness & Mutations

You have sharp claws.
You have razor-sharp teeth.
You have supernaturally acute eyesight. (SInv)
You cover ground quickly. (Speed+)
You are covered in thick fur. (AC +2)
Your paws help you pounce on unaware monsters.
You are incapable of wielding weapons or throwing items.
You cannot wear armour.
You gain extra lives every three experience levels.


Message History

You closely miss the water moccasin.
You feel sick.
The water moccasin completely misses you.
You feel sick.
The water moccasin completely misses you.
You see here a potion of curing.
You are too injured to fight recklessly!
You are too injured to fight recklessly!
You are too injured to fight recklessly!
You are too injured to fight recklessly!
You claw the water moccasin! You bite the water moccasin.
The water moccasin is heavily wounded.
You feel sick.
The water moccasin completely misses you.
You are too injured to fight recklessly!
You claw the water moccasin!
The water moccasin is almost dead.
You feel sick. The water moccasin bites you.
* * * LOW HITPOINT WARNING * * *
You are more poisoned.
The water moccasin poisons you! The water moccasin bites you.
* * * LOW HITPOINT WARNING * * *
You are lethally poisoned!
The water moccasin poisons you!
You are too injured to fight recklessly!
You barely miss the water moccasin. Your bite misses the water moccasin.
The water moccasin is almost dead.
* * * LOW HITPOINT WARNING * * *
You feel very sick. The water moccasin bites you.
* * * LOW HITPOINT WARNING * * *
You are more poisoned.
The water moccasin poisons you!
You claw the water moccasin!
You kill the water moccasin!
* * * LOW HITPOINT WARNING * * *
You feel extremely sick.
Your Hexes skill increases to level 2!
* * * LOW HITPOINT WARNING * * *
You feel very sick.
You die...

*, ,, ,* #......# ,
,,*###......# *,, ,
+.........#
,,**#.......#########
* * #.......#.......#
,, ,,,
##.......#.......# ,
,, ..........!/..$.>#
*, , ,
#..............# ,,
,* ##....@........#*
*** * ,,
#...###..$..... ,, *,
, #.....##.....##
**** , ,,.. *
#.....#*####.#** * ,
#.....* ##..(.#,, ,
... ,
..#.....#####....# ,
.# ,*
..##'#.######....#,,,
, , ,,
.....#.#.........+
,,, ** *
..##...#.####....#**
, , *,


There were no monsters in sight!

Vanquished Creatures
  2 water moccasins
  An ice beast (D:7)
  2 ogres (D:5)
  A centaur (D:5)
  2 phantoms (D:4)
  A bullfrog (D:7)
  4 scorpions (D:5)
  A water moccasin zombie (D:3)
  2 wyvern skeletons
  2 water moccasin skeletons
  4 wights
  A howler monkey (D:5)
  A bullfrog zombie (D:5)
  4 hounds
  Terence (D:2)
  3 iguanas
  An orc wizard (D:6)
  A killer bee zombie (D:7)
  A hound zombie (D:5)
  10 gnolls
  10 adders
  3 white imps
  4 worms
  A dart slug (D:3)
  14 orcs
  5 ball pythons
  8 bats
  5 endoplasms
  A giant cockroach (D:1)
  6 goblins
  6 hobgoblins
  A quokka (D:5)
  3 frilled lizards
  3 kobolds
  5 rats
120 creatures vanquished.

Vanquished Creatures (others)
  A plant (D:5)
  A withered plant (D:6)
2 creatures vanquished.

Grand Total: 122 creatures vanquished

Notes
Turn   | Place    | Note
-------+----------+-------------------------------------------
     0 | D:1      | GordonOverkill the Felid Monk began the quest for the Orb.
     0 | D:1      | Reached XP level 1. HP: 10/10 MP: 2/2
   337 | D:1      | Reached XP level 2. HP: 14/14 MP: 3/3
  1326 | D:2      | Found a faded altar of an unknown god.
  1667 | D:2      | Reached XP level 3. HP: 17/17 MP: 4/4
  3373 | D:2      | Reached skill level 4 in Unarmed Combat
  3477 | D:2      | Found a faded altar of an unknown god.
  4186 | D:3      | Noticed Terence
  4574 | D:2      | Killed Terence
  4575 | D:2      | Reached XP level 4. HP: 14/21 MP: 5/5
  5199 | D:3      | Reached XP level 5. HP: 19/25 MP: 6/6
  5710 | D:3      | Reached skill level 5 in Unarmed Combat
  6303 | D:4      | Reached skill level 5 in Stealth
  6351 | D:4      | Identified the +1 rapier of Gozag's Esteem {holy, rElec rF+
                  | Will-}
  6395 | D:4      | Noticed a water moccasin
  6452 | D:4      | Gained mutation: You are covered in thick fur. (AC +2)
                  | [Felid growth]
  6452 | D:4      | Reached XP level 6. HP: 23/28 MP: 7/7
  7770 | D:4      | Killed a water moccasin
  7771 | D:4      | Reached skill level 6 in Unarmed Combat
  8767 | D:5      | Entered Level 5 of the Dungeon
  8798 | D:5      | Reached XP level 7. HP: 30/33 MP: 8/8
  8832 | D:5      | Found a broken altar of Ashenzari.
  8853 | D:5      | Became a worshipper of Ashenzari the Shackled
  8865 | D:5      | Found an iron altar of Okawaru.
  8873 | D:5      | Reached * piety under Ashenzari
  8873 | D:5      | Reached ** piety under Ashenzari
  8938 | D:5      | Found a basalt altar of Yredelemnul.
  8944 | D:5      | Found a bloodstained altar of Trog.
  8971 | D:5      | Reached skill level 5 in Fighting
  9400 | D:5      | Found a blossoming altar of Fedhas.
  9560 | D:5      | Reached skill level 7 in Unarmed Combat
  9592 | D:5      | Killed from afar by a white imp
  9593 | D:5      | Reached XP level 6. HP: -3/30 MP: 7/7
  9653 | D:5      | Found a staircase to the Ecumenical Temple.
 10157 | D:4      | Reached XP level 7. HP: 34/34 MP: 8/8
 10484 | D:5      | Reached skill level 8 in Unarmed Combat
 11018 | D:5      | Found a bloodstained altar of Trog.
 11037 | D:5      | Found a blossoming altar of Fedhas.
 11126 | D:5      | Found an iron altar of Okawaru.
 11186 | D:5      | Found a basalt altar of Yredelemnul.
 11247 | D:5      | Found a staircase to the Ecumenical Temple.
 11387 | D:5      | Found a broken altar of Ashenzari.
 11661 | D:5      | HP: 2/51 [ogre (15)]
 11662 | D:5      | Reached skill level 1 in Evocations
 11666 | D:5      | HP: 2/51 [gnoll (3)]
 11667 | D:5      | Slain by a gnoll
 11668 | D:5      | Reached XP level 6. HP: 0/46 MP: 7/7
 11884 | D:6      | Found a shimmering altar of Xom.
 11896 | D:6      | Reached XP level 7. HP: 35/35 MP: 8/8
 12578 | D:6      | Found a hazy altar of Hepliaklqana.
 12776 | D:6      | Reached skill level 9 in Unarmed Combat
 13037 | D:6      | Found a runed translucent gate.
 13037 | D:6      | Found a runed translucent gate.
 13037 | D:6      | Found a runed translucent gate.
 13039 | D:6      | Noticed wpisznazwe's ghost (novice DgFE)
 13039 | D:6      | Noticed TimeIsEndless's ghost (novice OgGl)
 13305 | D:7      | Learned a level 2 spell: Ensorcelled Hibernation
 13471 | D:7      | Reached skill level 1 in Hexes
 13743 | D:7      | Reached *** piety under Ashenzari
 13743 | D:7      | Reached **** piety under Ashenzari
 13768 | D:7      | Reached XP level 8. HP: 39/39 MP: 10/10
 13790 | D:7      | Reached skill level 1 in Spellcasting
 13790 | D:7      | Reached skill level 1 in Ice Magic
 14107 | D:7      | HP: 1/39 [poisoned by a water moccasin]
 14108 | D:7      | Succumbed to a water moccasin's poison

Illustrated notes

Levels and vault maps discovered:
D:1:      dpeg_arrival_circle_labyrinth_a, layout_loops_ring
D:2:      layout_loops_ring, chequers_ecumenical_altar_lobes
D:3:      layout_basic, kennysheep_nub, uniq_terence
D:4:      layout_basic
D:5:      minmay_octagon_keep, layout_basic, fedhas_ov_isle_minmay,
          mainiacjoe_overflow_tiny_flanked, mainiacjoe_overflow_alcove_4,
          mainiacjoe_overflow_concentric_impassable,
          mainiacjoe_overflow_six_doors_small, temple_hall
D:6:      layout_rooms, lemuel_coloured_pillars_altar,
          nicolae_overflow_hidden_temple, gammafunk_ghost_cemetery
D:7:      layout_basic

Skill      XL: |  1  2  3  4  5  6  7  8 |
---------------+-------------------------+-----
Stealth        | 3 4 5 |  5.0
Unarmed Combat | 4 5 6 9 |  9.0
Fighting       | 4 6 |  6.9
Evocations     | 3 |  3.1
Hexes          | 1 2 |  2.3
Spellcasting   | 1 |  1.4
Ice Magic      | 1 |  1.3
Dodging        | |  4.0

Action                   |  1- 3 |  4- 6 |  7- 9 || total
-------------------------+-------+-------+-------++-------
Melee: Unarmed           |   118 |   202 |   183 ||   503
       Bite              |     7 |    20 |    29 ||    56
       Punch             |     2 |     6 |    11 ||    19
Invok: Curse Item        |       |       |     2 ||     2
Evoke: Wand              |       |       |     2 ||     2
  Use: Scroll            |     4 |     3 |       ||     7
       Potion            |     3 |     3 |     2 ||     8
 Stab: Sleeping          |    10 |     9 |     2 ||    21
       Distracted        |     1 |       |       ||     1
Armor: Skin              |     4 |     4 |    18 ||    26
Dodge: Dodged            |    70 |   150 |   146 ||   366

Table legend: (Time is in decaauts)
 A = Elapsed time spent in this place.
 B = Non-inter-level travel time spent in this place.
 C = Inter-level travel time spent in this place.
 D = Time resting spent in this place.
 E = Time spent auto-exploring this place.
 F = Levels seen in this place.
 G = Mean time per level.
                   A        B        C        D        E       F      G
               +--------+--------+--------+--------+--------+-----+--------+
         Total |  12775 |  12403 |    372 |   6719 |   3823 |   7 | 1825.0 |
       Dungeon |  12775 |  12403 |    372 |   6719 |   3823 |   7 | 1825.0 |
               +--------+--------+--------+--------+--------+-----+--------+

Top non-repeatable levels by time:
     D:2: 2931 daAuts
     D:5: 2574 daAuts
     D:4: 2438 daAuts
     D:1: 2179 daAuts
     D:3: 1000 daAuts
     D:6: 899 daAuts
     D:7: 751 daAuts
